AoeStats
← lorddoc

African Clearing

510970399Analyzed
4v4 RM · 4h ago on Oct 3, 2026· 19m 11s· 8 players
Game mode
Random Map
Map size
Large (8 player)
Population
200
Speed
Normal
Resources
Standard
Victory
Conquest
Starting age
Dark Age
Ending age
Imperial Age
RankedLock teamsTeams togetherTeam positionsShared explorationLock speedFull tech treeHidden civsTurbo modeCheats
Victory
Defeat
🇹🇼 Georgians · Taiwan
1540
+11
🇹🇼 Mongols · Taiwan
1491
+12
🇹🇼 Varangians · Taiwan
1489
+12
🇹🇼 Huns · Taiwan
1482
+13
🇨🇭 Varangians · Switzerland
1433
-13
🇩🇪 Berbers · Germany
1432
-13
🇧🇩 Franks · Bangladesh
1417
-12
🇫🇷 Mongols · France
1366
-10
Gunslinger
7:39 Loom
13:43 Feudal Age
14:14 Double-Bit Axe
18:38 Castle Age
lorddoc
5:07 Loom
12:18 Feudal Age
14:15 Bloodlines
18:34 Scale Barding Armor
Yupy
11:15 Feudal Age
12:08 Loom
12:25 Double-Bit Axe
15:46 Horse Collar
cauliflower
3:42 Loom
13:34 Feudal Age
17:36 Castle Age
百鬼組-PekoPeko
12:55 Loom
15:13 Feudal Age
19:30 Castle Age
18:16 Double-Bit Axe
HanShiba
8:03 Loom
11:21 Feudal Age
阿秋1
11:24 Feudal Age
12:52 Double-Bit Axe
13:58 Loom
18:51 Castle Age
Ma
12:52 Feudal Age
13:25 Loom
16:40 Castle Age
14:37 Double-Bit Axe
17:54 Bow Saw
Connection lost

Rejoining the realm…

Still unreachable

The connection could not be restored.

Session expired

The server has moved on; the page needs a fresh start.